 Dungeon Crawl Stone Soup version 0.26-a0-1139-g7d2dc893a1 (webtiles) character file.

Game seed: 9116469506989636330

95 sahdkjhfkaj the Vexing (level 4, 0/34 HPs)
             Began as a Human Arcane Marksman on Dec 21, 2020.
             Slain by a goblin (2 damage)
             ... on level 2 of the Dungeon.
             The game lasted 00:02:59 (2085 turns).

sahdkjhfkaj the Vexing (Human Arcane Marksman)      Turns: 2085, Time: 00:03:00

Health: 0/34       AC:  3    Str: 12    XL:     4   Next: 97%
Magic:  5/5        EV: 12    Int: 13    God:
Gold:   97         SH:  0    Dex: 13    Spells: 4/5 levels left

rFire    . . .     SeeInvis .   a - +0 shortbow
rCold    . . .     Faith    .   (shield currently unavailable)
rNeg     . . .     Spirit   .   n - +0 leather armour
rPois    .         Reflect  .   (no helmet)
rElec    .         Harm     .   (no cloak)
rCorr    .         Rampage  .   (no gloves)
Will     .....                  (no boots)
Stlth    +.........             (no amulet)
HPRegen  0.11/turn              (no ring)
MPRegen  0.09/turn              (no ring)

@: no status effects
A: no striking features
a: no special abilities


You were on level 2 of the Dungeon.
You visited 1 branch of the dungeon, and saw 3 of its levels.

You collected 97 gold pieces.

Inventory:

Hand Weapons
 a - a +0 shortbow (weapon)
Missiles
 d - 50 arrows (quivered ammo)
Armour
 n - a +0 leather armour (worn)
Scrolls
 e - a scroll of amnesia
 f - a scroll of magic mapping
 g - a scroll of noise {unknown}
 l - a scroll of remove curse {unknown}
Potions
 b - 3 potions of heal wounds {unknown}
 h - 2 potions of mutation {unknown}
 i - a potion of curing {unknown}
 j - a potion of degeneration {unknown}
 k - a potion of cancellation {unknown}
 m - a potion of brilliance {unknown}


   Skills:
 + Level 2.5 Fighting
 + Level 2.4 Bows
 + Level 2.4 Armour
 + Level 2.4 Dodging
 - Level 1.0 Spellcasting
 - Level 3.0 Hexes


You had 4 spell levels left.
You knew the following spells:

 Your Spells              Type           Power        Failure   Level
a - Corona                Hex            8%           11%         1

Your spell library contained the following spells:

 Spells                   Type           Power        Failure   Level
 Slow                     Hex            8%           16%         2
 Inner Flame              Hex/Fire       4%           50%         3
 Portal Projectile        Hex/Tloc       8%           50%         3
 Cause Fear               Hex            4%           71%         4
 Leda's Liquefaction      Hex/Erth       2%           88%         4


Dungeon Overview and Level Annotations

Branches:
Dungeon (3/15)

Altars:
The Shining One


Message History

The stone barely misses you.
The stone hits the goblin but does no damage.
Found 2 bubbling cyan potions.
You can't go up here!
The bat closely misses you. The bat hits you but does no damage.
The goblin barely misses you.
The frilled lizard completely misses you.
There is a stone staircase leading up here.
The bat hits you but does no damage. The bat barely misses you.
The goblin closely misses you. The frilled lizard bites you.
* * * LOW HITPOINT WARNING * * *
You climb upwards.
There is a stone staircase leading down here.
Fire: 51 arrows
Press: ? - help, Q - select action, (/) - cycle Shift-Dir - straight line, f - goblin
Aim: a goblin You shoot an arrow.
The arrow hits the goblin.
The goblin is heavily wounded.
The bat misses you. The goblin hits you.
You die...

.....########
...........>########
.....######........#
.....# #.######.#
...>.# #### #.#
.....# 8###8## #.#
.....# ..8...8##.#
####.##........l##.#
#.#_........g@#.#
####.......bb####
##8...8...8###
##8###8## ## ##


You could see a goblin, 2 bats and a frilled lizard.

Vanquished Creatures
  3 adders (D:2)
  3 worms (D:2)
  2 dart slugs
  A leopard gecko (D:2)
  3 orcs
  9 bats
  A giant cockroach (D:2)
  7 goblins
  4 hobgoblins
  A quokka (D:2)
  3 frilled lizards
  5 kobolds
  10 rats
52 creatures vanquished.

Notes
Turn   | Place    | Note
-------+----------+-------------------------------------------
     0 | D:1      | sahdkjhfkaj the Human Arcane Marksman began the quest for
                  | the Orb.
     0 | D:1      | Reached XP level 1. HP: 15/15 MP: 2/2
   160 | D:1      | Reached skill level 1 in Armour
   337 | D:1      | Reached XP level 2. HP: 21/21 MP: 3/3
   526 | D:1      | Reached XP level 3. HP: 26/26 MP: 4/4
   946 | D:2      | Reached XP level 4. HP: 33/33 MP: 5/5
  1586 | D:2      | Found a glowing golden altar of the Shining One.
  2063 | D:3      | HP: 1/34 [giant cockroach (2)]
  2073 | D:3      | HP: 1/34 [bat (1)]
  2083 | D:3      | HP: 1/34 [frilled lizard (1)]
  2085 | D:2      | Slain by a goblin

Illustrated notes

Levels and vault maps discovered:
D:1:      ncdulo_lavacross, layout_basic
D:2:      layout_basic, nicolae_overflow_hidden_temple
D:3:      layout_rooms, chequers_ecumenical_altar_island,
          ebering_ghost_inner_flame, roderic_lattice_a,
          minmay_misc_feat_nine_boxes

Skill      XL: |  1  2  3 |
---------------+----------+-----
Armour         | 1 2 |  2.4
Fighting       | 2 |  2.5
Bows           | |  2.4
Dodging        | |  2.4
Spellcasting   | |  1.0
Hexes          | |  3.0

Action                   |  1- 3 |  4- 6 || total
-------------------------+-------+-------++-------
Melee: Unarmed           |     6 |       ||     6
 Fire: Shortbow          |   101 |    83 ||   184
  Use: Scroll            |       |     4 ||     4
Armor: Robe              |    20 |     1 ||    21
       Leather armour    |       |    16 ||    16
Dodge: Dodged            |    35 |    54 ||    89

Table legend: (Time is in decaauts)
 A = Elapsed time spent in this place.
 B = Non-inter-level travel time spent in this place.
 C = Inter-level travel time spent in this place.
 D = Time resting spent in this place.
 E = Time spent auto-exploring this place.
 F = Levels seen in this place.
 G = Mean time per level.
                   A        B        C        D        E       F      G
               +--------+--------+--------+--------+--------+-----+--------+
         Total |   2119 |   2054 |     65 |      0 |   1676 |   3 |  706.3 |
       Dungeon |   2119 |   2054 |     65 |      0 |   1676 |   3 |  706.3 |
               +--------+--------+--------+--------+--------+-----+--------+

Top non-repeatable levels by time:
     D:2: 1256 daAuts
     D:1: 825 daAuts
     D:3: 37 daAuts
